 Dungeon Sprint DCSS version 0.19-a0-1870-gc32fe5a (webtiles) character file.

4890 Groucho the Protected (level 10, -2/83 HPs)
             Began as a Formicid Fighter on Oct 13, 2016.
             Was the Champion of Cheibriados.
             Slain by a tyrant leech (26 damage)
             ... in the Dungeon (Sprint IX: "|||||||||||||||||||||||||||||").
             The game lasted 00:06:13 (1227 turns).

Groucho the Protected (Formicid Fighter)            Turns: 1227, Time: 00:06:14

Health: -2/83      AC: 11    Str: 40    XL:     10   Next: 79%
Magic:  18/18      EV: 23    Int: 22    God:    Cheibriados [******]
Gold:   20         SH: 16    Dex: 31    Spells: 0 memorised, 9 levels left

rFire  . . .     SeeInvis +     o - +2 scimitar (flame)
rCold  . . .     Gourm    .     p - +1 scale mail
rNeg   . . .     Faith    .     c - +0 shield
rPois  .         Spirit   .     (helmet unavailable)
rElec  .         Dismiss  .     (no cloak)
rCorr  .         Reflect  .     a - +0 pair of gloves
MR     +....     Harm     .     (no boots)
Stlth  +.........               (no amulet)
                                r - +3 ring of dexterity
                                q - +3 ring of strength

@: very slow
A: permanent stasis, dig shafts and tunnels, four strong arms, antennae 3
a: Dig, Bend Time, Temporal Distortion, Slouch, Step From Time, Renounce
Religion


You were in the Dungeon.
You worshipped Cheibriados.
Cheibriados was exalted by your worship.
You were not hungry.

You visited 1 branch You collected 20 gold pieces.

Inventory:

Hand Weapons
 o - a +2 scimitar of flaming (weapon)
Armour
 a - a +0 pair of gloves (worn)
 b - a +0 scale mail
 c - a +0 shield (worn)
 p - a +1 scale mail (worn)
Jewellery
 q - a +3 ring of strength (left hand)
 r - a +3 ring of dexterity (right hand)
Wands
 n - a wand of iceblast (7/15)
Scrolls
 k - 3 scrolls of blinking
 l - 4 scrolls of remove curse
 m - 2 scrolls of amnesia
 s - 2 scrolls of enchant armour
 t - a scroll of fear
 u - a scroll of identify
Potions
 d - a potion of agility
 e - 8 potions of curing
 g - 2 potions of heal wounds
 h - a potion of haste
 i - 4 potions of magic
 j - a potion of berserk rage
Comestibles
 f - a bread ration


   Skills:
 + Level 9.6 Fighting
 * Level 11.6 Long Blades
 * Level 12.0 Armour
 * Level 10.5 Dodging
 + Level 10.3 Shields
 * Level 11.7 Invocations


You had 9 spell levels left.
You didn't know any spells.

Dungeon Overview and Level Annotations

Branches:
Dungeon (1/1)

Altars:
Cheibriados
Dithmenos
Elyvilon
Fedhas
Gozag
Hepliaklqana
Kikubaaqudgha
Makhleb
Nemelex Xobeh
Okawaru
Qazlal
Ru
Sif Muna
Trog
Uskayaw
Vehumet
Xom
Yredelemnul
Zin
The Shining One
Beogh
Jiyva
Lugonu


Innate Abilities, Weirdness & Mutations

You are under a permanent stasis effect.
You can dig through walls and to a lower floor.
Your four strong arms can wield two-handed weapons with a shield.
You have a pair of large antennae on your head. (SInv)


Message History

You hit the tyrant leech. You burn the tyrant leech.
The tyrant leech is almost dead.
The tyrant leech bites you!!
* * * LOW HITPOINT WARNING * * *
The tyrant leech draws strength from your injuries!
You are too injured to fight recklessly!
You are too injured to fight recklessly!
You are too injured to fight recklessly!
You are too injured to fight recklessly!
You are too injured to fight recklessly!
You are too injured to fight recklessly!
You are too injured to fight recklessly!
Unknown command.
You are too injured to fight recklessly!
You slash the tyrant leech! You burn the tyrant leech.
The tyrant leech is severely wounded.
You hit the tyrant leech. You burn the tyrant leech.
The tyrant leech is severely wounded.
The tyrant leech bites you!!
You die...

▓_▓.▓.▓
{
▓_▓.▓.▓
{
▓_▓.▓.▓
{
▓_▓.▓.▓
{
▓_▓.▓.▓
{
▓_▓.▓.▓
{
▓_▓.▓.▓
{
▓_▓.▓.▓
{
▓.▓.▓@▓
▓'▓.▓w▓
{
▓.▓.▓k▓
{
▓.▓.▓k▓
{
▓|▓.▓k▓
{ {
▓)▓.▓w▓
{
▓.▓.▓.▓
▓[▓.▓.▓
{
▓.▓.▓{


You could see a tyrant leech, 3 lindwurms and a worm.

Vanquished Creatures
  A hill giant (D)
  A lindwurm (D)
  A manticore (D)
  3 spiny frogs (D)
  A two-headed ogre (D)
  A polar bear (D)
  4 yaks (D)
  2 wyverns (D)
  A mottled dragon (D)
  3 porcupines (D)
  2 water moccasins (D)
  An ice beast (D)
  An orc warrior (D)
  An eye of draining (D)
  A centaur (D)
  2 ogres (D)
  A wolf (D)
  A crocodile (D)
  A bullfrog (D)
  A howler monkey (D)
  An orc wizard (D)
  An iguana (D)
  A worker ant (D)
  An adder zombie (D)
  A worm (D)
  A leopard gecko (D)
  A bat (D)
  A goblin (D)
  A kobold (D)
  A leopard gecko skeleton (D)
  A rat (D)
41 creatures vanquished.

Notes
Turn   | Place    | Note
-------+----------+-------------------------------------------
     0 | D        | Groucho the Formicid Fighter began the quest for the Orb.
     0 | D        | Reached XP level 1. HP: 18/18 MP: 1/1
    15 | D        | Reached skill level 1 in Dodging
    26 | D        | Reached XP level 2. HP: 24/24 MP: 2/2
    33 | D        | Noticed a centaur
    37 | D        | Killed a centaur
    37 | D        | Reached skill level 5 in Long Blades
    37 | D        | Reached skill level 4 in Armour
    37 | D        | Reached skill level 5 in Shields
    37 | D        | Reached XP level 3. HP: 27/31 MP: 3/3
    37 | D        | Reached XP level 4. HP: 33/38 MP: 4/4
    42 | D        | Reached skill level 5 in Fighting
    42 | D        | Reached skill level 5 in Armour
    42 | D        | Reached XP level 5. HP: 26/44 MP: 5/5
    48 | D        | Reached skill level 5 in Dodging
    57 | D        | Found a roughly hewn altar of Beogh.
    57 | D        | Found a snail-covered altar of Cheibriados.
    57 | D        | Found a shadowy altar of Dithmenos.
    57 | D        | Found a white marble altar of Elyvilon.
    57 | D        | Found a blossoming altar of Fedhas.
    57 | D        | Found an opulent altar of Gozag.
    58 | D        | Found a hazy altar of Hepliaklqana.
   166 | D        | Found a viscous altar of Jiyva.
   167 | D        | Found an ancient bone altar of Kikubaaqudgha.
   168 | D        | Became a worshipper of Cheibriados the Contemplative
   169 | D        | Found a corrupted altar of Lugonu.
   170 | D        | Found a burning altar of Makhleb.
   171 | D        | Found a sparkling altar of Nemelex Xobeh.
   172 | D        | Found an iron altar of Okawaru.
   173 | D        | Found a stormy altar of Qazlal.
   174 | D        | Found a sacrificial altar of Ru.
   175 | D        | Found a deep blue altar of Sif Muna.
   176 | D        | Found a bloodstained altar of Trog.
   177 | D        | Found a hide-covered altar of Uskayaw.
   178 | D        | Found a radiant altar of Vehumet.
   179 | D        | Found a shimmering altar of Xom.
   180 | D        | Found a basalt altar of Yredelemnul.
   181 | D        | Found a glowing silver altar of Zin.
   182 | D        | Found a glowing golden altar of the Shining One.
   229 | D        | Noticed an orc warrior
   229 | D        | Noticed an ogre
   229 | D        | Noticed a two-headed ogre
   229 | D        | Noticed a hill giant
   244 | D        | Killed an orc warrior
   244 | D        | Reached * piety under Cheibriados
   244 | D        | Reached skill level 6 in Armour
   244 | D        | Reached XP level 6. HP: 39/52 MP: 5/8
   248 | D        | Killed a two-headed ogre
   248 | D        | Reached skill level 7 in Armour
   248 | D        | Reached skill level 5 in Invocations
   248 | D        | Reached XP level 7. HP: 45/59 MP: 5/10
   258 | D        | Killed a hill giant
   258 | D        | Reached ** piety under Cheibriados
   258 | D        | Reached skill level 8 in Armour
   258 | D        | Reached XP level 8. HP: 54/67 MP: 6/13
   416 | D        | Noticed a manticore
   422 | D        | Reached skill level 9 in Armour
   430 | D        | Killed a manticore
   430 | D        | Reached XP level 9. HP: 46/74 MP: 5/15
   432 | D        | Reached *** piety under Cheibriados
   450 | D        | Reached skill level 10 in Armour
   861 | D        | Noticed a spiny frog
   863 | D        | Reached **** piety under Cheibriados
   864 | D        | Noticed a spiny frog
   869 | D        | Reached skill level 10 in Long Blades
   877 | D        | Killed a spiny frog
   877 | D        | Reached ***** piety under Cheibriados
   883 | D        | Reached skill level 10 in Invocations
   888 | D        | Killed a spiny frog
   888 | D        | Reached skill level 11 in Armour
   888 | D        | Reached XP level 10. HP: 42/82 MP: 17/17
  1183 | D        | Reached ****** piety under Cheibriados
  1191 | D        | Reached skill level 10 in Dodging
  1194 | D        | Noticed a spiny frog
  1199 | D        | Reached skill level 10 in Shields
  1203 | D        | Killed a spiny frog
  1214 | D        | Noticed a lindwurm
  1214 | D        | Noticed a lindwurm
  1214 | D        | Noticed a lindwurm
  1214 | D        | Noticed a lindwurm
  1219 | D        | Killed a lindwurm
  1219 | D        | Reached skill level 12 in Armour
  1227 | D        | Slain by a tyrant leech

Vault maps used:
D:        linesprint

Skill      XL: |  1  2  3  4  5  6  7  8  9 10 |
---------------+-------------------------------+-----
Dodging        | 1 4 5 6 7 8 9 10 | 10.5
Long Blades    | 5 6 7 8 9 10 11 | 11.6
Fighting       | 4 5 6 7 8 9 |  9.6
Armour         | 4 5 6 7 8 9 11 12 | 12.0
Shields        | 5 6 7 8 9 10 | 10.3
Invocations    | 3 5 7 8 10 11 | 11.7

Action                   |  1- 3 |  4- 6 |  7- 9 | 10-12 || total
-------------------------+-------+-------+-------+-------++-------
Melee: Long sword        |    25 |    13 |       |       ||    38
       Scimitar          |       |    17 |    72 |    43 ||   132
  Use: Potion            |     2 |     2 |     1 |       ||     5
 Stab: Invisible         |       |     1 |     2 |       ||     3
Armor: Scale mail        |     5 |     5 |     3 |     2 ||    15
Dodge: Dodged            |    15 |    15 |    26 |    14 ||    70
Block: Shield            |    17 |    12 |    25 |    16 ||    70
       Rpst.: Long sword |     5 |     3 |       |       ||     8
       Scimitar          |       |       |     5 |     4 ||     9
